TOP OF THE 1ST |
Montreal Expos batting - Pitching for Philadelphia Phillies : RHP Jim Beattie
|
Pitching: RHP Jim Beattie
|
|
Batting: LHB Duane Walker
|
0-0: Ball 1-0: Ground out U3 (Groundball, 34, EV 101.9 MPH)
|
Batting: SHB Garry Templeton
|
0-0: Called Strike 0-1: Ball 1-1: Swinging Strike 1-2: Strikes out swinging
|
Batting: LHB Kirk Gibson
|
0-0: DOUBLE (Flyball, 89XD, EV 96.3 MPH)
|
Batting: RHB Dale Murphy
|
0-0: SINGLE (Groundball, 6MD, EV 102.5 MPH) Kirk Gibson to third Runner from 3rd tries for Home, SAFE, throw by CF to home
|
Batting: RHB Dave Winfield
|
0-0: Called Strike 0-1: Ball 1-1: Called Strike 1-2: Ground out U3 (Groundball, 13, EV 76.3 MPH)
|
Top of the 1st over - 1 run, 2 hits, 0 errors, 1 left on base; Montreal 1 - Philadelphia 0 |
BOTTOM OF THE 1ST |
Philadelphia Phillies batting - Pitching for Montreal Expos : LHP Frank Tanana
|
Pitching: LHP Frank Tanana
|
|
Batting: RHB Andy Ramirez
|
0-0: Foul Ball, location: 2F 0-1: Fly out, F9 (Flyball, 9, EV 92.5 MPH)
|
Batting: RHB Paul Molitor
|
0-0: Ball 1-0: Ball 2-0: Called Strike 2-1: Ground out 5-3 (Groundball, 56, EV 90.0 MPH)
|
Batting: LHB Tony Gwynn
|
0-0: Ball 1-0: Called Strike 1-1: Ball 2-1: Fly out, F8 (Flyball, 8RD, EV 91.3 MPH)
|
Bottom of the 1st over - 0 runs, 0 hits, 0 errors, 0 left on base; Montreal 1 - Philadelphia 0 |
TOP OF THE 2ND |
Montreal Expos batting - Pitching for Philadelphia Phillies : RHP Jim Beattie
|
Batting: LHB Timnothy Meyer
|
0-0: Called Strike 0-1: Swinging Strike 0-2: Strikes out swinging
|
Batting: LHB Ernesto Quevedo
|
0-0: Ball 1-0: Ball 2-0: Ball 3-0: Called Strike 3-1: Ground out 6-3 (Groundball, 6, EV 105.0 MPH)
|
Batting: LHB Orlando Sanchez
|
0-0: Called Strike 0-1: Ball 1-1: Ground out 1-3 (Groundball, 13, EV 68.8 MPH)
|
Top of the 2nd over - 0 runs, 0 hits, 0 errors, 0 left on base; Montreal 1 - Philadelphia 0 |
BOTTOM OF THE 2ND |
Philadelphia Phillies batting - Pitching for Montreal Expos : LHP Frank Tanana
|
Batting: RHB Candy Maldonado
|
0-0: Ball 1-0: Ball 2-0: Called Strike 2-1: Fly out, F8 (Flyball, 8LD, EV 88.1 MPH)
|
Batting: LHB Ken Phelps
|
0-0: Called Strike 0-1: Foul Ball, location: 2F 0-2: Foul Ball, location: 2F 0-2: Ball 1-2: Ball 2-2: Ground out 4-3 (Groundball, 4S, EV 68.1 MPH)
|
Batting: RHB Andre Dawson
|
0-0: Ball 1-0: Ball 2-0: SINGLE (Flyball, 7LS, EV 91.9 MPH)
|
Batting: LHB Lou Whitaker
|
0-0: Ball 1-0: Foul Ball, location: 2F 1-1: Called Strike 1-2: Strikes out looking
|
Bottom of the 2nd over - 0 runs, 1 hit, 0 errors, 1 left on base; Montreal 1 - Philadelphia 0 |
TOP OF THE 3RD |
Montreal Expos batting - Pitching for Philadelphia Phillies : RHP Jim Beattie
|
Batting: LHB Frank Tanana
|
0-0: Ball 1-0: Ball 2-0: Called Strike 2-1: Ball 3-1: SINGLE (Groundball, 4MD, EV 95.6 MPH)
|
Batting: LHB Duane Walker
|
0-0: Ball 1-0: Called Strike 1-1: Ball 2-1: Called Strike 2-2: Foul Ball, location: 2F 2-2: Ball 3-2: Grounds into double play, 6-4-3 (Groundball, 6, EV 89.4 MPH)
|
Batting: SHB Garry Templeton
|
0-0: Called Strike 0-1: Called Strike 0-2: SINGLE (Groundball, 56S, EV 61.9 MPH) (infield hit)
|
Batting: LHB Kirk Gibson
|
0-0: Ball Garry Templeton steals 2nd base 1-0: Ball 2-0: 2-RUN HOME RUN (Flyball, 9LD, EV 110.0 MPH), Distance : 355 ft
|
Batting: RHB Dale Murphy
|
0-0: Ball 1-0: Swinging Strike 1-1: Foul Ball, location: 2F 1-2: Foul Ball, location: 2F 1-2: Strikes out swinging
|
Top of the 3rd over - 2 runs, 3 hits, 0 errors, 0 left on base; Montreal 3 - Philadelphia 0 |
BOTTOM OF THE 3RD |
Philadelphia Phillies batting - Pitching for Montreal Expos : LHP Frank Tanana
|
Batting: RHB Jody Davis
|
0-0: Called Strike 0-1: Reached on error, E5 (Groundball, 56S, EV 87.5 MPH)
|
Batting: RHB Jim Beattie
|
0-0: Bunted foul 0-1: Sac Bunt to 13 - play at first, batter OUT! 1-4 Jody Davis to third
|
Batting: RHB Andy Ramirez
|
0-0: Ball 1-0: Ball 2-0: Ball 3-0: Called Strike 3-1: Base on Balls
|
Batting: RHB Paul Molitor
|
0-0: Ball 1-0: SINGLE (Groundball, 6MD, EV 103.8 MPH) Jody Davis scores Andy Ramirez to second Runner from 2nd tries for 3rd, SAFE, throw by CF made to third
|
Batting: LHB Tony Gwynn
|
0-0: Called Strike 0-1: Called Strike 0-2: Ball 1-2: 3-RUN HOME RUN (Flyball, 89XD, EV 103.8 MPH), Distance : 431 ft
|
Batting: RHB Candy Maldonado
|
0-0: Ball 1-0: Ball 2-0: Called Strike 2-1: Foul Ball, location: 2F 2-2: Foul Ball, location: 2F 2-2: Fly out, F5 (Popup, 25F, EV 76.9 MPH)
|
Batting: LHB Ken Phelps
|
0-0: Foul Ball, location: 2F 0-1: Called Strike 0-2: Ball 1-2: Ball 2-2: Fly out, F7 (Flyball, 7LM, EV 90.0 MPH)
|
Bottom of the 3rd over - 4 runs, 2 hits, 1 error, 0 left on base; Montreal 3 - Philadelphia 4 |
TOP OF THE 4TH |
Montreal Expos batting - Pitching for Philadelphia Phillies : RHP Jim Beattie
|
Batting: RHB Dave Winfield
|
0-0: Called Strike 0-1: Ground out 4-3 (Groundball, 4M, EV 90.6 MPH)
|
Batting: LHB Timnothy Meyer
|
0-0: Foul Ball, location: 2F 0-1: Ground out 6-3 (Groundball, 6, EV 108.1 MPH)
|
Batting: LHB Ernesto Quevedo
|
0-0: Foul Ball, location: 2F 0-1: Ball 1-1: Ball 2-1: Called Strike 2-2: Ball 3-2: Base on Balls
|
Batting: LHB Orlando Sanchez
|
0-0: Ball 1-0: Ball 2-0: Called Strike 2-1: Swinging Strike 2-2: Strikes out looking
|
Top of the 4th over - 0 runs, 0 hits, 0 errors, 1 left on base; Montreal 3 - Philadelphia 4 |
BOTTOM OF THE 4TH |
Philadelphia Phillies batting - Pitching for Montreal Expos : LHP Frank Tanana
|
Batting: RHB Andre Dawson
|
0-0: Ball 1-0: Fly out, F9 (Flyball, 9, EV 81.3 MPH)
|
Batting: LHB Lou Whitaker
|
0-0: Ball 1-0: Fly out, F9 (Flyball, 9LD, EV 86.9 MPH)
|
Batting: RHB Jody Davis
|
0-0: Called Strike 0-1: Hit by Pitch
|
Batting: RHB Jim Beattie
|
0-0: Ball 1-0: Ball Wild Pitch! Jody Davis to second 2-0: Foul Ball, location: 2F 2-1: Foul Ball, location: 2F 2-2: Foul Ball, location: 2F 2-2: Strikes out swinging
|
Bottom of the 4th over - 0 runs, 0 hits, 0 errors, 1 left on base; Montreal 3 - Philadelphia 4 |
TOP OF THE 5TH |
Montreal Expos batting - Pitching for Philadelphia Phillies : RHP Jim Beattie
|
Batting: LHB Frank Tanana
|
0-0: Called Strike 0-1: Foul Ball, location: 2F 0-2: Foul Ball, location: 2F 0-2: Strikes out looking
|
Batting: LHB Duane Walker
|
0-0: Called Strike 0-1: Ball 1-1: Ball 2-1: Ground out 4-3 (Groundball, 4, EV 102.5 MPH)
|
Batting: SHB Garry Templeton
|
0-0: Called Strike 0-1: Ball 1-1: Ball 2-1: Ground out 6-3 (Groundball, 6, EV 100.0 MPH)
|
Top of the 5th over - 0 runs, 0 hits, 0 errors, 0 left on base; Montreal 3 - Philadelphia 4 |
BOTTOM OF THE 5TH |
Philadelphia Phillies batting - Pitching for Montreal Expos : LHP Frank Tanana
|
Batting: RHB Andy Ramirez
|
0-0: Foul Ball, location: 2F 0-1: Ball 1-1: Foul Ball, location: 2F 1-2: Ball 2-2: Ball 3-2: SINGLE (Groundball, 6MD, EV 105.6 MPH)
|
Batting: RHB Paul Molitor
|
0-0: Bunt missed! 0-1: Ball 1-1: Ball Andy Ramirez is caught stealing 2nd base 2-4 2-1: Fly out, F8 (Flyball, 8LS, EV 84.4 MPH)
|
Batting: LHB Tony Gwynn
|
0-0: Ground out U3 (Groundball, 3L, EV 106.3 MPH)
|
Bottom of the 5th over - 0 runs, 1 hit, 0 errors, 0 left on base; Montreal 3 - Philadelphia 4 |
TOP OF THE 6TH |
Montreal Expos batting - Pitching for Philadelphia Phillies : RHP Jim Beattie
|
Batting: LHB Kirk Gibson
|
0-0: Ball 1-0: Ball 2-0: Ball 3-0: Base on Balls
|
Batting: RHB Dale Murphy
|
0-0: Called Strike 0-1: Ball Kirk Gibson steals 2nd base (no throw) 1-1: Swinging Strike 1-2: Strikes out swinging
|
Batting: RHB Dave Winfield
|
0-0: Called Strike 0-1: Called Strike 0-2: Ball 1-2: Foul Ball, location: 2F 1-2: Foul Ball, location: 2F 1-2: Fly out, F8 (Line Drive, 8RD, EV 94.4 MPH)
|
Batting: LHB Timnothy Meyer
|
0-0: Ball 1-0: Ball 2-0: Ball 3-0: Base on Balls
|
Batting: LHB Ernesto Quevedo
|
0-0: Ball 1-0: Fielders Choice at 2nd, U6 (Groundball, 6M, EV 83.8 MPH)
|
Top of the 6th over - 0 runs, 0 hits, 0 errors, 2 left on base; Montreal 3 - Philadelphia 4 |
BOTTOM OF THE 6TH |
Philadelphia Phillies batting - Pitching for Montreal Expos : LHP Frank Tanana
|
Batting: RHB Candy Maldonado
|
0-0: Called Strike 0-1: Foul Ball, location: 2F 0-2: Ball 1-2: Ball 2-2: Strikes out swinging
|
Batting: LHB Ken Phelps
|
0-0: Foul Ball, location: 2F 0-1: Foul Ball, location: 2F 0-2: Ball 1-2: Fly out, F8 (Flyball, 78D, EV 103.1 MPH)
|
Batting: RHB Andre Dawson
|
0-0: Ball 1-0: Called Strike 1-1: Called Strike 1-2: Fly out, F7 (Line Drive, 7D, EV 105.6 MPH)
|
Bottom of the 6th over - 0 runs, 0 hits, 0 errors, 0 left on base; Montreal 3 - Philadelphia 4 |
TOP OF THE 7TH |
Montreal Expos batting - Pitching for Philadelphia Phillies : RHP Jim Beattie
|
Batting: LHB Orlando Sanchez
|
0-0: Ball 1-0: Fly out, F4 (Line Drive, 4, EV 68.8 MPH)
|
Pinch Hitting: RHB Luis Sanchez
|
0-0: Ball 1-0: Ball 2-0: Swinging Strike 2-1: Foul Ball, location: 2F 2-2: Ball 3-2: Foul Ball, location: 2F 3-2: Foul Ball, location: 2F 3-2: TRIPLE (Line Drive, 9D, EV 97.5 MPH)
|
Pitching: RHP Tom Hume
|
|
Now in RF: Rick Lancellotti
|
|
Batting: LHB Duane Walker
|
0-0: Ball 1-0: Foul Ball, location: 2F 1-1: Foul Ball, location: 2F 1-2: Ball 2-2: Foul Ball, location: 2F 2-2: Ball 3-2: Fly out, F7 (Flyball, 78M, EV 88.1 MPH) Runner from 3rd tags up, SCORES, no throw by LF
|
Batting: SHB Garry Templeton
|
0-0: Ground out 5-3 (Groundball, 5S, EV 85.0 MPH)
|
Top of the 7th over - 1 run, 1 hit, 0 errors, 0 left on base; Montreal 4 - Philadelphia 4 |
BOTTOM OF THE 7TH |
Philadelphia Phillies batting - Pitching for Montreal Expos : LHP Frank Tanana
|
Pitching: LHP Bob Ojeda
|
|
Batting: LHB Lou Whitaker
|
0-0: Fly out, F3 (Popup, 3S, EV 75.0 MPH)
|
Batting: RHB Jody Davis
|
0-0: Ball 1-0: Fly out, F8 (Flyball, 8RS, EV 75.0 MPH)
|
Batting: LHB Rick Lancellotti
|
0-0: Ball 1-0: SINGLE (Groundball, P, EV 91.3 MPH) (infield hit)
|
Batting: RHB Andy Ramirez
|
0-0: Swinging Strike 0-1: Called Strike 0-2: Ball 1-2: Ball 2-2: SINGLE (Groundball, 6MS, EV 70.6 MPH) (infield hit) Rick Lancellotti to second
|
Batting: RHB Paul Molitor
|
0-0: Called Strike 0-1: Ball 1-1: Called Strike 1-2: Strikes out swinging
|
Bottom of the 7th over - 0 runs, 2 hits, 0 errors, 2 left on base; Montreal 4 - Philadelphia 4 |
TOP OF THE 8TH |
Montreal Expos batting - Pitching for Philadelphia Phillies : RHP Tom Hume
|
Batting: LHB Kirk Gibson
|
0-0: Called Strike 0-1: Fly out, F6 (Flyball, 56D, EV 90.0 MPH)
|
Batting: RHB Dale Murphy
|
0-0: Ball 1-0: Ball 2-0: Called Strike 2-1: Ball 3-1: Swinging Strike 3-2: Foul Ball, location: 2F 3-2: Foul Ball, location: 2F 3-2: Base on Balls
|
Batting: RHB Dave Winfield
|
0-0: Foul Ball, location: 2F 0-1: DOUBLE (Flyball, 8RXD, EV 94.4 MPH) Dale Murphy to third Runner from 3rd tries for Home, SAFE, throw by CF to trailing runner, SAFE at third!
|
Batting: LHB Timnothy Meyer
|
0-0: Fly out, F7 (Flyball, 78M, EV 91.3 MPH) Runner from 3rd tags up, SCORES, no throw by LF
|
Batting: LHB Ernesto Quevedo
|
0-0: Ball 1-0: Fly out, F7 (Flyball, 7LM, EV 80.6 MPH)
|
Top of the 8th over - 2 runs, 1 hit, 0 errors, 0 left on base; Montreal 6 - Philadelphia 4 |
BOTTOM OF THE 8TH |
Philadelphia Phillies batting - Pitching for Montreal Expos : LHP Bob Ojeda
|
Batting: LHB Tony Gwynn
|
0-0: Ball 1-0: Called Strike 1-1: Foul Ball, location: 2F 1-2: Ground out U3 (Groundball, 3, EV 85.0 MPH)
|
Batting: RHB Candy Maldonado
|
0-0: Ball 1-0: Ball 2-0: Foul Ball, location: 2F 2-1: Swinging Strike 2-2: Strikes out swinging
|
Batting: LHB Ken Phelps
|
0-0: Ball 1-0: Called Strike 1-1: Foul Ball, location: 2F 1-2: Ball 2-2: Ball 3-2: Base on Balls
|
Pinch Hitting: RHB Dan Thomas
|
0-0: Ball 1-0: Foul Ball, location: 2F 1-1: Ball 2-1: Called Strike 2-2: Ball 3-2: Strikes out swinging
|
Bottom of the 8th over - 0 runs, 0 hits, 0 errors, 1 left on base; Montreal 6 - Philadelphia 4 |
TOP OF THE 9TH |
Montreal Expos batting - Pitching for Philadelphia Phillies : RHP Tom Hume
|
Pitching: LHP Lawrence Burgess
|
|
Batting: LHB Orlando Sanchez
|
0-0: Called Strike 0-1: Foul Ball, location: 2F 0-2: Foul Ball, location: 2F 0-2: Ball 1-2: Fly out, F8 (Flyball, 8RM, EV 81.3 MPH)
|
Pinch Hitting: LHB Guonçalo Fernandes
|
0-0: Called Strike 0-1: Foul Ball, location: 2F 0-2: SINGLE (Line Drive, 7LS, EV 94.4 MPH)
|
Batting: LHB Duane Walker
|
0-0: Ball 1-0: Foul Ball, location: 2F 1-1: Ball 2-1: Ball 3-1: Foul Ball, location: 2F 3-2: Strikes out swinging Guonçalo Fernandes steals 2nd, throwing error, E2 Guonçalo Fernandes to third
|
Batting: SHB Garry Templeton
|
0-0: Foul Ball, location: 2F 0-1: Ball 1-1: Called Strike 1-2: Fly out, F7 (Flyball, 7, EV 80.6 MPH)
|
Top of the 9th over - 0 runs, 1 hit, 1 error, 1 left on base; Montreal 6 - Philadelphia 4 |
BOTTOM OF THE 9TH |
Philadelphia Phillies batting - Pitching for Montreal Expos : LHP Bob Ojeda
|
Pitching: RHP Terry Leach
|
|
Now at 2B: Alex Ortiz
|
|
Now in LF: Guonçalo Fernandes
|
|
Batting: LHB Lou Whitaker
|
0-0: Ball 1-0: Ball 2-0: Ball 3-0: Called Strike 3-1: Foul Ball, location: 2F 3-2: SOLO HOME RUN (Flyball, 7LD, EV 88.8 MPH), Distance : 363 ft
|
Pinch Hitting: LHB Terry Bogener
|
0-0: SINGLE (Flyball, 34D, EV 88.8 MPH)
|
Batting: LHB Rick Lancellotti
|
0-0: Ball 1-0: SINGLE (Groundball, 6S, EV 62.5 MPH) (infield hit) Terry Bogener to second
|
Batting: RHB Andy Ramirez
|
0-0: Fly out, F9 (Flyball, 9LM, EV 89.4 MPH)
|
Batting: RHB Paul Molitor
|
0-0: Ball 1-0: Ball 2-0: Foul Ball, location: 2F 2-1: Fly out, F7 (Flyball, 78S, EV 86.3 MPH)
|
Batting: LHB Tony Gwynn
|
0-0: Ball 1-0: Foul Ball, location: 2F 1-1: Fly out, F7 (Flyball, 7LM, EV 78.8 MPH)
|
Bottom of the 9th over - 1 run, 3 hits, 0 errors, 2 left on base; Montreal 6 - Philadelphia 5 |
|